 Dungeon Crawl Stone Soup version 0.30-a0-928-g7f6bbad527 (webtiles) character file.

Game seed: 1616782434051009232

6274 Kis the Covert (level 10, -22/40 HPs)
             Began as a Felid Transmuter on Mar 22, 2023.
             Annihilated by an ice devil (23 damage)
             ... in an ice cave on Mar 23, 2023.
             The game lasted 04:10:01 (15647 turns).

Kis the Covert (Felid Transmuter)                  Turns: 15647, Time: 04:10:02

Health: -22/40     AC:  2    Str: 10    XL:     10   Next: 63%
Magic:  21/23      EV: 24    Int: 15    God:
Gold:   432        SH:  0    Dex: 17    Spells: 13/25 levels left
                                        Lives:  0   Deaths: 3

rFire   . . .      SeeInvis +      - Unarmed
rCold   . . .      Faith    .    (shield unavailable)
rNeg    + . .      Spirit   .    (body armour unavailable)
rPois   .          Reflect  .    (helmet unavailable)
rElec   .          Rampage  .    (cloak unavailable)
rCorr   .                        (gloves unavailable)
Will    +....                    (boots unavailable)
Stlth   ++++++                   (no amulet)
HPRegen 0.26/turn                q - +5 ring of evasion
MPRegen 0.18/turn                e - ring of positive energy

@: confusing by touch, quick
A: very small, claws 1, fangs 3, see invisible, speed 1, shaggy fur 2, stealthy
paws, no weapons or thrown items, no armour, multi-lived
a: no special abilities


You were in an ice cave.
You visited 2 branches of the dungeon, and saw 12 of its levels.
You also visited: Ice Cave.

You collected 432 gold pieces.

Inventory:

Hand Weapons
 o - a +0 club
Jewellery
 e - a ring of positive energy (right paw)
 h - a ring of protection from fire
 q - a +5 ring of evasion (left paw)
Wands
 d - a wand of mindburst (14)
 p - a wand of light (3)
 v - a wand of iceblast (7)
 x - a wand of paralysis (6)
 z - a wand of flame (7)
Scrolls
 g - 2 scrolls of noise
 i - a scroll of amnesia {unknown}
 k - 5 scrolls of fog {unknown}
 l - a scroll of immolation
 n - a scroll of butterflies {unknown}
 t - 2 scrolls of poison {unknown}
 u - a scroll of vulnerability {unknown}
 B - a scroll of teleportation
 C - a scroll of torment {unknown}
 E - 3 scrolls of magic mapping
Potions
 a - 6 potions of lignification
 b - a potion of brilliance
 c - 3 potions of mutation
 f - a potion of cancellation {unknown}
 j - a potion of flight {unknown}
 m - 2 potions of berserk rage {unknown}
 r - 3 potions of might
 s - a potion of attraction {unknown}
 w - a potion of magic {unknown}
 A - a potion of resistance {unknown}
Miscellaneous
 y - a phial of floods
 D - a condenser vane


   Skills:
 + Level 2.6 Fighting
 + Level 5.1 Dodging
 + Level 14.6 Stealth
 + Level 8.1 Unarmed Combat
 + Level 8.2 Spellcasting
 + Level 0.1 Conjurations
 + Level 9.9 Hexes
 + Level 3.0 Transmutations
 + Level 5.4 Ice Magic
 + Level 1.8 Evocations


You had 13 spell levels left.
You knew the following spells:

 Your Spells              Type           Power      Damage    Failure   Level
a - Beastly Appendage     Tmut           30%        N/A       3%          1
b - Ensorcelled Hibernat  Hex/Ice        58%        N/A       1%          2
c - Stone Arrow           Conj/Erth      12%        3d7       34%         3
d - Slow                  Hex            100%       N/A       1%          1
e - Confusing Touch       Hex            36%        N/A       1%          3
f - Scorch                Fire           12%        2d5       19%         2

Your spell library contained the following spells:

 Spells                   Type           Power      Damage    Failure   Level
 Wereblood                Tmut           15%        N/A       5%          2
 Anguish                  Hex/Necr       10%        N/A       16%         4
 Spider Form              Tmut/Pois      10%        N/A       19%         3
 Ice Form                 Ice/Tmut       18%        N/A       21%         4
 Ignite Poison            Fire/Tmut/Pois 9%         N/A       24%         3
 Gell's Gravitas          Tloc           6%         N/A       34%         3
 Teleport Other           Tloc           6%         N/A       34%         3
 Vampiric Draining        Necr           6%         2d6       34%         3
 Flame Wave               Conj/Fire      6%         2d5       75%         4
 Sticky Flame             Conj/Fire      6%         2d3       75%         4
 Summon Forest            Summ/Tloc      3%         N/A       97%         5
 Dispersal                Tloc           3%         N/A       100%        6
 Eringya's Noxious Bog    Tmut/Pois      5%         N/A       100%        6
 Summon Cactus Giant      Summ           3%         N/A       100%        6
 Summon Hydra             Summ           3%         N/A       100%        7
 Ignition                 Fire           3%         3d4       100%        8
 Lehudib's Crystal Spear  Conj/Erth      3%         10d2      100%        8
 Animate Armour           Summ/Erth      Unusable   N/A       N/A         4

Dungeon Overview and Level Annotations

Branches:
Dungeon (11/15)            Temple (0/1) D:5            Lair (1/5) D:10
    Orc (0/2) D:9           IceCv (1/1)

Altars:
Ashenzari
Cheibriados
Dithmenos
Elyvilon
Fedhas
Gozag
Kikubaaqudgha
Okawaru
Qazlal
Ru
Sif Muna
Trog
Uskayaw
Wu Jian
Zin

Shops:
D:4 *[[*(

Annotations:
D:6 1 runed translucent door, EarthwalkerPL's ghost, novice MiFi
D:10 exclusions: ice statue and obsidian statue


Innate Abilities, Weirdness & Mutations

You have sharp claws.
You have razor-sharp teeth.
You have supernaturally acute eyesight. (SInv)
You cover ground quickly. (Speed+)
You are covered in thick fur. (AC +2)
Your paws help you pounce on unaware monsters.
You are incapable of wielding weapons or throwing items.
You cannot wear armour.
You gain extra lives every three experience levels.


Message History

You are now level 10!
You rejoin the land of the living... 2 rime drakes come into view.
Found a frozen archway.
The helpless rime drake fails to defend itself.
You eviscerate the rime drake!!!!
You kill the rime drake!
You pounce on the unaware helpless rime drake!
You eviscerate the rime drake!!!
You kill the rime drake!
There is a frozen archway here.
The world spins around you as you enter the gateway.
You enter an ice cave!
Found an ice covered gate leading back out of this place.
There is an ice choked empty arch of ancient stone here.
The helpless two-headed ogre simulacrum fails to defend itself.
You eviscerate the two-headed ogre simulacrum!!!!
The two-headed ogre simulacrum vaporises!
The helpless ufetubus fails to defend itself.
You eviscerate the ufetubus!!!!
You kill the ufetubus!
An ice devil comes into view.
A white imp and an ice devil come into view.
Casting: Ensorcelled Hibernation (safe; 1% risk of failure)
Confirm with . or Enter, or press ? or * to list all spells.
You can't see any susceptible monsters within range! (Use Z to cast anyway.) Unknown command.
Casting: Ensorcelled Hibernation (safe; 1% risk of failure)
Confirm with . or Enter, or press ? or * to list all spells.
Your paws begin to glow red.
You scratch the ice devil but do no damage.
The ice devil hits you! The ice devil freezes you!!
Ouch! That really hurt!
* * * LOW HITPOINT WARNING * * *
You scratch the ice devil but do no damage.
The ice devil hits you!
* * * LOW HITPOINT WARNING * * *
The ice devil freezes you!!
Ouch! That really hurt!
You die...

##... ..... ......
#### ...... ##..##
#....5.
##....######.......
#......@##.........
#..∩∩...4.......4.⌠
#..................
##....##..##.......
##..###### #......
#### ...... ......
..... ##...


You could see an ice devil.

Vanquished Creatures
  A boulder beetle (D:11)
  4 two-headed ogres
  An ugly thing (D:10)
  A black mamba (Lair:1)
  3 cane toads (Lair:1)
  3 kobold demonologists
  2 rime drakes (D:11)
  A hornet (D:9)
  A wyvern (D:9)
  A vampire (D:10)
  Eustachio (D:6)
  19 yaks
  A basilisk (Lair:1)
  Menkaure (D:6)
  2 steam dragons
  2 water moccasins
  3 orc warriors
  An ice beast (D:5)
  A black bear (D:6)
  2 ogres (D:5)
  A phantom (D:7)
  A two-headed ogre simulacrum (IceCv)
  4 bullfrogs
  3 scorpions
  3 killer bees
  5 howler monkeys
  A jelly (D:4)
  7 hounds
  A gnoll bouda (D:8)
  3 orc priests
  2 sleepcaps
  4 iguanas
  7 orc wizards
  9 adders
  13 gnolls
  2 white imps
  3 ufetubi
  4 worms
  3 dart slugs
  25 orcs
  8 endoplasms
  2 giant cockroaches
  5 goblins
  10 hobgoblins
  A jackal (D:4)
  12 kobolds
  5 quokkas
  12 ball pythons
  8 bats
  3 frilled lizards
  15 rats
233 creatures vanquished.

Vanquished Creatures (others)
  A fungus (Lair:1)
  2 plants
3 creatures vanquished.

Grand Total: 236 creatures vanquished

Notes
Turn   | Place    | Note
-------+----------+-------------------------------------------
     0 | D:1      | Kis the Felid Transmuter began the quest for the Orb.
     0 | D:1      | Reached XP level 1. HP: 9/9 MP: 4/4
   272 | D:1      | Reached XP level 2. HP: 12/12 MP: 6/6
   275 | D:1      | Learned a level 2 spell: Ensorcelled Hibernation
   913 | D:1      | Reached XP level 3. HP: 15/15 MP: 1/7
  1446 | D:2      | Reached skill level 1 in Stealth
  1471 | D:2      | Found a hide-covered altar of Uskayaw.
  1591 | D:2      | Identified the +2 pair of gloves of the Shoals {+Inv rElec
                  | rPois Str-2}
  1627 | D:2      | Reached XP level 4. HP: 19/19 MP: 5/8
  1952 | D:2      | Found a faded altar of an unknown god.
  2002 | D:2      | Reached skill level 2 in Stealth
  2035 | D:2      | Learned a level 3 spell: Stone Arrow
  2634 | D:2      | Reached skill level 1 in Ice Magic
  2873 | D:2      | Reached skill level 1 in Hexes
  2916 | D:2      | Reached XP level 5. HP: 17/22 MP: 1/10
  3838 | D:3      | Found a white marble altar of Elyvilon.
  4302 | D:4      | Found a shimmering blue altar of Sif Muna.
  4302 | D:4      | Found a broken altar of Ashenzari.
  4303 | D:4      | Found an ancient bone altar of Kikubaaqudgha.
  4305 | D:4      | Found an ornate altar of the Wu Jian Council.
  4400 | D:4      | Reached skill level 3 in Stealth
  4400 | D:4      | Gained mutation: You are covered in thick fur. (AC +2)
                  | [Felid growth]
  4400 | D:4      | Reached XP level 6. HP: 14/25 MP: 1/12
  4512 | D:4      | Found Kuleh's Assorted Antiques.
  4553 | D:4      | Found Suuss's Antique Armour Emporium.
  4608 | D:4      | Found a glowing silver altar of Zin.
  4768 | D:4      | Found Ymir's Weapon Shop.
  4815 | D:4      | Noticed a +0 short sword
  4815 | D:4      | Noticed a +0 falchion
  4816 | D:4      | Noticed a +0 spear
  4816 | D:4      | Noticed a +0 falchion
  4817 | D:4      | Found Osemihid's General Store.
  4817 | D:4      | Noticed a +0 spear
  4817 | D:4      | Noticed a +0 short sword
  4817 | D:4      | Noticed a +0 dagger
  5064 | D:4      | Learned a level 1 spell: Slow
  5068 | D:4      | Learned a level 3 spell: Confusing Touch
  5230 | D:4      | Reached skill level 4 in Stealth
  5329 | D:4      | Noticed a +0 dagger
  5370 | D:4      | Found a hide-covered altar of Uskayaw.
  5374 | D:4      | Found Dol Att's Antique Armour Shop.
  5408 | D:4      | Reached XP level 7. HP: 19/28 MP: 10/13
  6058 | D:5      | Entered Level 5 of the Dungeon
  6261 | D:5      | You fall into a shaft and drop 3 floors!
  6388 | D:6      | Noticed Menkaure
  6399 | D:6      | Noticed Eustachio
  6415 | D:6      | Reached skill level 5 in Stealth
  6450 | D:6      | Reached skill level 5 in Unarmed Combat
  6451 | D:6      | Mangled by Menkaure
  6452 | D:6      | Reached XP level 6. HP: -10/25 MP: 6/13
  6536 | D:5      | Slain by an ogre
  6537 | D:5      | Reached XP level 5. HP: 0/22 MP: 12/12
  6659 | D:5      | Found a blossoming altar of Fedhas.
  6659 | D:5      | Found a faded altar of an unknown god.
  6676 | D:5      | Found a faded altar of an unknown god.
  6679 | D:5      | Found an opulent altar of Gozag.
  6681 | D:5      | Found a sacrificial altar of Ru.
  6866 | D:5      | Noticed a water moccasin
  6871 | D:5      | Noticed an ice beast
  6901 | D:5      | Killed a water moccasin
  6902 | D:5      | Reached XP level 6. HP: 25/25 MP: 8/13
  6962 | D:5      | Reached skill level 5 in Hexes
  7056 | D:5      | Reached XP level 7. HP: 28/28 MP: 11/14
  7255 | D:5      | Reached skill level 6 in Stealth
  7446 | D:5      | Found a stormy altar of Qazlal.
  7480 | D:5      | Found a staircase to the Ecumenical Temple.
  7596 | D:5      | Learned a level 2 spell: Scorch
  7878 | D:6      | Noticed a steam dragon
  7918 | D:6      | Killed Menkaure
  7919 | D:6      | Reached skill level 5 in Spellcasting
  7919 | D:6      | Reached skill level 1 in Evocations
  8244 | D:6      | Killed a steam dragon
  8245 | D:6      | Reached XP level 8. HP: 32/32 MP: 11/17
  8452 | D:6      | Found a runed translucent door.
  8453 | D:6      | Noticed EarthwalkerPL's ghost (novice MiFi)
  8466 | D:6      | Found a snail-covered altar of Cheibriados.
  8581 | D:6      | Killed Eustachio
  8582 | D:6      | Reached skill level 7 in Stealth
  9331 | D:7      | Reached skill level 8 in Stealth
 10477 | D:8      | Found a shadowy altar of Dithmenos.
 10929 | D:8      | Reached XP level 9. HP: 25/35 MP: 6/19
 11228 | D:8      | Reached skill level 9 in Stealth
 11808 | D:9      | Noticed a kobold demonologist
 11815 | D:9      | Killed a kobold demonologist
 11888 | D:9      | Noticed a two-headed ogre
 11895 | D:9      | Killed a two-headed ogre
 11896 | D:9      | Reached skill level 10 in Stealth
 11915 | D:9      | Found a staircase to the Orcish Mines.
 11915 | D:9      | Noticed a kobold demonologist
 11924 | D:9      | Noticed an orange demon
 11924 | D:9      | Killed a kobold demonologist
 12131 | D:9      | Reached XP level 10. HP: 40/40 MP: 8/21
 12135 | D:9      | Reached skill level 11 in Stealth
 12264 | D:9      | Noticed a two-headed ogre
 12302 | D:9      | Killed a two-headed ogre
 12537 | D:9      | Reached skill level 12 in Stealth
 13009 | D:10     | Entered Level 10 of the Dungeon
 13248 | D:10     | Noticed a purple ugly thing
 13252 | D:10     | Killed a purple ugly thing
 13284 | D:10     | Noticed a two-headed ogre
 13291 | D:10     | Killed a two-headed ogre
 13292 | D:10     | Reached skill level 13 in Stealth
 13450 | D:10     | Noticed an ice statue
 13532 | D:10     | Noticed an obsidian statue
 13587 | D:10     | Found a staircase to the Lair.
 13597 | D:10     | Reached skill level 5 in Ice Magic
 13759 | D:10     | Noticed a two-headed ogre
 13764 | D:10     | Killed a two-headed ogre
 13765 | D:10     | Reached XP level 11. HP: 43/43 MP: 18/23
 13791 | D:10     | Upgraded the game from 0.30-a0-923-g828ccac5a3 to
                  | 0.30-a0-928-g7f6bbad527
 13881 | D:10     | Found a bloodstained altar of Trog.
 14043 | D:10     | Found an iron altar of Okawaru.
 14469 | Lair:1   | Entered Level 1 of the Lair of Beasts
 14736 | Lair:1   | Reached skill level 5 in Dodging
 14855 | Lair:1   | Reached skill level 14 in Stealth
 15544 | D:11     | Noticed a boulder beetle
 15550 | D:11     | Killed a boulder beetle
 15587 | D:11     | Noticed a centaur warrior
 15601 | D:11     | Shot with an arrow by a centaur warrior
 15602 | D:11     | Reached XP level 10. HP: -12/40 MP: 17/23
 15608 | D:11     | Found a frozen archway.
 15617 | IceCv    | Entered an ice cave
 15647 | IceCv    | HP: 1/40 [ice devil (9)]
 15647 | IceCv    | Annihilated by an ice devil

Illustrated notes

Levels and vault maps discovered:
D:1:      sevenhm_arrival_forest_fort_small_4, layout_loops_ring,
          minmay_close_crescents
D:2:      layout_basic, shapermc_ecumenical_altar_ellora, basic_altar
D:3:      layout_basic, nicolae_elyvilon_temple_path, st_stairs_9
D:4:      layout_basic, nicolae_uskayaw_en_pointe,
          nicolae_overflow_quartered_altars, nzn_wu_jian_contemplation,
          serial_shops, shop, nicolae_shop_bloodbath_and_beyond,
          nicolae_shop_stone, shop_fountains, shop, minmay_pentangle
D:5:      layout_layer_cave, nicolae_qazlal_general_emergency,
          chequers_temple_overflow_minitemple, minmay_temple_entry_nine_rooms,
          dk_noncrumbling_4, minmay_misc_feat_ornament
D:6:      layout_cave_pools, general_overflow_altar, ebering_ghost_inner_flame,
          uniq_menkaure, uniq_eustachio
D:7:      layout_loops_ring
D:8:      layout_layer_cave, grunt_dithmenos_smoke,
          amcnicky_mini_corridor_feature
D:9:      layout_roguey, orc_0_dummy, minmay_misc_feat_four_crosses,
          grunt_ministairs_14, serial_bayou_pond_d
D:10:     minmay_separated_statues, layout_loops_corners, tgw_trog,
          kennysheep_mini_moat, lair_entry_dummy, nzn_life_drinkers
D:11:     layout_irregular_city, portal_ice_cave_rime, glass_columns_c,
          kb_rosetta
Lair:1:   layout_hall_layers, grunt_megastairs_2, infiniplex_staircase_pool_2,
          serial_bayou_shore_a
IceCv:    ice_cave_tombish

Skill      XL: |  1  2  3  4  5  6  7  8  9 10 11 |
---------------+----------------------------------+-----
Stealth        | 1 2 3 4 6 8 10 13 14 | 14.6
Dodging        | 3 4 5 |  5.1
Unarmed Combat | 4 5 6 7 8 |  8.1
Ice Magic      | 1 2 3 4 5 |  5.4
Hexes          | 1 2 5 6 8 9 |  9.9
Spellcasting   | 3 5 6 7 8 |  8.2
Transmutations | 3 |  3.0
Evocations     | 1 |  1.8
Fighting       | 2 |  2.6
Conjurations   | |  0.1

Action                     |  1- 3 |  4- 6 |  7- 9 | 10-12 || total
---------------------------+-------+-------+-------+-------++-------
  Melee: Unarmed           |    79 |   114 |   204 |    80 ||   477
         Headbutt          |    10 |     5 |       |       ||    15
         Bite              |     9 |     6 |    19 |     1 ||    35
         Punch             |     1 |       |     9 |     3 ||    13
   Cast: Beastly Appendage |    14 |    11 |     1 |       ||    26
         Ensorcelled Hiber |    19 |    61 |    88 |    43 ||   211
         Confusing Touch   |       |     1 |    24 |     8 ||    33
         Slow              |       |     1 |       |     1 ||     2
         Stone Arrow       |       |       |       |     1 ||     1
  Evoke: Wand              |       |     8 |    13 |    10 ||    31
    Use: Scroll            |     2 |    10 |     5 |     2 ||    19
         Potion            |       |       |     7 |       ||     7
   Stab: Sleeping          |     9 |    34 |    53 |    37 ||   133
         Confused          |       |       |    15 |     1 ||    16
         Distracted        |       |       |     1 |       ||     1
         Paralysed         |       |       |       |     4 ||     4
         Invisible         |       |       |       |     2 ||     2
 Armour: Skin              |     6 |     1 |    12 |     3 ||    22
  Dodge: Dodged            |    56 |    83 |   213 |    48 ||   400

Table legend: (Time is in decaauts)
 A = Elapsed time spent in this place.
 B = Non-inter-level travel time spent in this place.
 C = Inter-level travel time spent in this place.
 D = Time resting spent in this place.
 E = Time spent auto-exploring this place.
 F = Levels seen in this place.
 G = Mean time per level.
                   A        B        C        D        E       F      G
               +--------+--------+--------+--------+--------+-----+--------+
         Total |  13498 |  13498 |      0 |   3560 |      0 |  13 | 1038.3 |
       Dungeon |  13024 |  13024 |      0 |   3540 |      0 |  11 | 1184.0 |
          Lair |    449 |    449 |      0 |     20 |      0 |   1 |  449.0 |
      Ice Cave |     25 |     25 |      0 |      0 |      0 |   1 |   25.0 |
               +--------+--------+--------+--------+--------+-----+--------+

Top non-repeatable levels by time:
     D:8: 1735 daAuts
     D:4: 1671 daAuts
     D:2: 1502 daAuts
    D:10: 1417 daAuts
     D:1: 1261 daAuts
     D:5: 1248 daAuts
     D:9: 1157 daAuts
     D:7: 974 daAuts
     D:3: 898 daAuts
     D:6: 830 daAuts
  Lair:1: 449 daAuts
    D:11: 327 daAuts
   IceCv: 25 daAuts
